Map: Eternal Empire LE

Players

Reynor - Winner!

  • Race: Zerg Zerg
  • Spawn Location: 7:00

Serral

  • Race: Zerg Zerg
  • League: Master
  • Spawn Location: 1:00

Event: DreamHack SC2 Masters 2020 Summer Europe

VOD

Have the link to the VOD?

Description

Time

  • Played on: July 12, 2020, 2:30 p.m.
  • Length: 8:32

All games in this series

Show
View Real Time Build Order
Export as new Build Order

Reynor Zerg - Winner!

Build Orders: Hatch First 

Get SALT Encoding   

  12  0:00  Drone  
  13  0:12  Overlord  
  13  0:16  Drone  
  14  0:31  Drone x2  
  16  0:48  Hatchery  
  15  0:51  Drone  
  15  0:54  Drone  
  17  0:58  Drone  
  18  1:08  Extractor  
  17  1:13  Spawning Pool  
  17  1:16  Drone  
  17  1:19  Drone  
  18  1:28  Drone  
  19  1:39  Drone  
  20  1:49  Drone  
  21  2:00  Overlord, Queen x2  
  21  2:01  Drone  
  26  2:07  Metabolic Boost  
  26  2:11  Zergling x2  
  26  2:12  Drone  
  28  2:21  Drone  
  28  2:22  Drone  
  30  2:33  Hatchery  
  30  2:35  Drone  
  30  2:39  Drone  
  31  2:44  Drone x2  
  33  2:55  Baneling Nest  
  33  2:56  Overlord  
  33  2:57  Drone  
  33  3:04  Drone  
  33  3:05  Drone  
  35  3:09  Drone  
  36  3:14  Drone x3  
  36  3:15  Zergling x4  
  41  3:20  Overlord  
  41  3:21  Evolution Chamber  
  41  3:23  Zergling x2  
  41  3:29  Queen  
  41  3:33  Zergling x2  
  44  3:39  Drone  
  44  3:40  Overlord  
  44  3:41  Drone x3  
  47  3:47  Drone x3  
  51  3:49  Zerg Missile Weapons Level 1  
  51  3:50  Drone  
  51  3:52  Drone  
  54  3:55  Drone  
  54  3:57  Drone  
  54  3:58  Drone  
  56  4:03  Drone  
  56  4:07  Drone  
  58  4:10  Overlord  
  58  4:12  Lair  
  58  4:13  Drone x2  
  60  4:18  Drone  
  60  4:21  Drone x2  
  60  4:22  Drone  
  60  4:23  Roach Warren  
  63  4:27  Drone  
  63  4:28  Extractor x2  
  63  4:29  Drone  
  63  4:31  Drone  
  63  4:33  Baneling x2  
  63  4:38  Drone  
  63  4:39  Drone  
  63  4:41  Drone x2, Overlord  
  67  4:46  Drone x2  
  67  4:48  Drone  
  67  4:49  Drone, Extractor  
  67  4:50  Extractor  
  67  4:51  Extractor  
  67  4:52  Drone x2  
  70  4:59  Zergling x2  
  71  5:02  Zergling x4  
  71  5:06  Drone x3  
  76  5:10  Drone x2, Overlord  
  76  5:11  Overseer  
  76  5:13  Hatchery, Drone x2, Queen  
  81  5:19  Spire  
  80  5:22  Zergling x4  
  80  5:24  Overlord  
  80  5:28  Overlord  
  82  5:30  Glial Reconstitution, Drone x2  
  82  5:31  Drone  
  82  5:33  Overlord  
  84  5:38  Zergling x6  
  84  5:40  Overlord  
  86  5:53  Overlord  
  86  5:57  Zerg Missile Weapons Level 2  
  86  6:01  Drone x2  
  86  6:02  Drone x3  
  91  6:05  Baneling x2  
  91  6:10  Overlord  
  91  6:13  Drone x2  
  91  6:16  Drone  
  94  6:19  Roach x6  
  94  6:23  Unknown, Overlord  
  105  6:28  Drone x3  
  105  6:31  Overlord  
  107  6:38  Drone  
  101  6:42  Overlord  
  101  6:45  Drone x4  
  104  6:47  Mutalisk x3  
  104  6:48  Mutalisk x3, Roach  
  118  6:58  Roach x5  
  118  6:59  Roach x2  
  138  7:01  Roach x3  
  138  7:05  Overlord  
  138  7:06  Roach x2  
  142  7:10  Roach x2  
  142  7:11  Roach  
  142  7:12  Baneling x2  
  142  7:14  Roach  
  150  7:17  Overlord  
  150  7:18  Roach x2  
  150  7:19  Drone  
  150  7:21  Roach x2  
  159  7:23  Ravager  
  159  7:24  Infestation Pit  
  159  7:25  Pneumatized Carapace  
  167  7:30  Roach x4  
  167  7:31  Overlord  
  167  7:36  Overlord  
  166  7:37  Roach  
  166  7:38  Roach x4  
  166  7:39  Overlord  
  176  7:51  Drone  
  172  7:52  Overlord  
  172  7:54  Roach x5  
  172  7:55  Roach x2, Ravager  
  172  7:56  Ravager x3  
  188  8:01  Roach x3  
  190  8:06  Ravager x2  
  190  8:09  Roach x3  
  193  8:13  Roach  
Show
View Real Time Build Order
Export as new Build Order

Serral Zerg 

Build Orders: Hatch First 

Get SALT Encoding   

  12  0:00  Drone  
  13  0:12  Overlord  
  13  0:16  Drone  
  14  0:30  Drone x2  
  16  0:48  Hatchery  
  15  0:51  Drone  
  15  0:56  Drone  
  17  0:59  Drone  
  18  1:10  Extractor  
  17  1:14  Spawning Pool  
  17  1:17  Drone  
  17  1:20  Drone  
  18  1:28  Drone  
  19  1:38  Drone  
  20  1:49  Drone  
  21  2:00  Overlord, Queen  
  21  2:01  Zergling x2, Queen  
  26  2:10  Metabolic Boost  
  26  2:11  Drone  
  26  2:12  Drone  
  28  2:21  Drone  
  28  2:22  Drone  
  30  2:34  Hatchery  
  30  2:36  Drone  
  30  2:39  Drone  
  31  2:45  Baneling Nest  
  31  2:48  Drone  
  31  2:51  Overlord  
  31  2:56  Zergling x2  
  32  2:58  Drone  
  33  3:06  Drone x2  
  33  3:08  Zergling x2  
  33  3:10  Drone x3  
  33  3:12  Zergling x2  
  40  3:19  Overlord  
  40  3:20  Drone  
  40  3:24  Drone  
  42  3:27  Evolution Chamber  
  42  3:29  Zergling x2  
  42  3:32  Queen  
  44  3:39  Drone x2  
  46  3:42  Drone x2  
  46  3:43  Overlord  
  48  3:49  Baneling, Drone x3  
  48  3:54  Drone  
  48  3:55  Drone  
  53  3:56  Drone  
  53  3:58  Zerg Missile Weapons Level 1  
  53  4:00  Drone  
  55  4:04  Drone x2  
  55  4:08  Lair  
  57  4:11  Zergling x2  
  57  4:12  Drone x2  
  57  4:15  Drone x2  
  62  4:18  Overlord  
  62  4:29  Drone x3, Extractor x2  
  63  4:32  Drone x2  
  63  4:33  Drone  
  63  4:35  Roach Warren  
  63  4:36  Overlord  
  65  4:41  Pneumatized Carapace  
  65  4:42  Drone x3, Extractor  
  65  4:43  Drone  
  68  4:45  Overlord  
  68  4:47  Extractor  
  68  4:48  Drone  
  68  4:49  Extractor  
  68  4:52  Drone x3  
  70  4:54  Drone  
  70  4:55  Drone  
  70  4:58  Overlord  
  71  5:02  Drone  
  71  5:04  Drone x2  
  74  5:11  Overseer  
  76  5:14  Glial Reconstitution, Drone x2  
  76  5:18  Zergling x2  
  76  5:19  Zergling x4  
  78  5:22  Zergling x6  
  78  5:25  Hatchery, Drone x2  
  82  5:30  Overlord  
  82  5:33  Evolution Chamber, Zergling x4  
  82  5:34  Zergling x4  
  85  5:38  Baneling x2  
  85  5:41  Roach  
  85  5:42  Roach  
  87  5:50  Roach x2  
  87  5:51  Roach  
  87  5:53  Baneling x2  
  87  5:56  Overlord  
  92  6:00  Zerg Missile Weapons Level 2, Zerg Ground Armor Level 1  
  92  6:01  Drone  
  93  6:04  Drone  
  93  6:06  Queen x2  
  93  6:07  Queen  
  100  6:14  Roach x3  
  100  6:15  Roach  
  108  6:20  Infestation Pit  
  108  6:22  Overlord  
  107  6:27  Drone x3  
  107  6:28  Drone x4  
  112  6:45  Roach x3  
  116  6:47  Spore Crawler  
  116  6:49  Spore Crawler x2  
  113  6:54  Roach x4  
  113  6:57  Overlord  
  113  6:58  Spore Crawler  
  120  7:02  Overlord  
  120  7:05  Drone x3  
  120  7:06  Drone  
  124  7:10  Drone x4  
  124  7:11  Baneling x2, Unknown  
  124  7:13  Overlord  
  124  7:15  Hive  
  127  7:16  Drone  
  127  7:18  Hydralisk Den, Roach x4  
  127  7:22  Overlord x2  
  135  7:24  Overlord  
  135  7:25  Overlord  
  135  7:30  Overlord x2  
  135  7:32  Drone  
  135  7:33  Roach  
  136  7:42  Roach x5  
  144  7:50  Hydralisk  
  144  7:51  Hydralisk x3  
  157  8:05  Roach x4  
  157  8:06  Roach x3  
  157  8:12  Roach x3  
Tags
 
Add a new tag
Caveats
  • Supply blocks, unpowered buildings, or Contaminate may cause inaccurate times.
  • Supply counts are checked every 10 seconds.